 Dungeon Crawl Stone Soup version 0.19-a0-465-g1d1674b (webtiles) character file.

2475 wvc the Carver (level 9, 10/57 HPs)
             Began as a High Elf Fighter on June 3, 2016.
             Was a High Priest of Lugonu.
             Quit the game on level 7 of the Dungeon.
             The game lasted 00:15:13 (6498 turns).

wvc the Carver (High Elf Fighter)                   Turns: 6498, Time: 00:15:13

Health: 10/57      AC: 10    Str: 17    XL:     9   Next: 27%
Magic:  9/9        EV: 10    Int: 16    God:    Lugonu [*****.]
Gold:   261        SH:  9    Dex: 17    Spells: 0 memorised, 8 levels left

rFire  . . .     SeeInvis .     a - +1 long sword
rCold  + . .     Gourm    +     k - +0 ring mail
rNeg   . . .     Faith    .     c - +0 shield
rPois  .         Spirit   .     (no helmet)
rElec  +         Dismiss  .     (no cloak)
rCorr  .         Reflect  .     x - +2 pair of gloves
SustAt .         Harm     .     s - +0 pair of boots
MR     .....                    C - amulet of the gourmand
Stlth  +.........               (no ring)
                                m - ring of protection from cold

@: not resistant to hostile enchantments, very unstealthy
A: rugged brown scales 1, clever 1, low mp 1, electricity resistance, strong 1
a: Depart the Abyss, Bend Space, Banish, Corrupt, Enter the Abyss, Renounce
Religion


You were on level 7 of the Dungeon.
You worshipped Lugonu.
Lugonu was extremely pleased with you.
You were not hungry.

You visited 1 branch of the dungeon, and saw 7 of its levels.
You also visited: Ossuary.

You collected 261 gold pieces.

Inventory:

Hand Weapons
 a - a +1 long sword (weapon)
 i - a +1 spear of piercing
Armour
 c - a +0 shield (worn)
 k - a +0 ring mail (worn)
 s - a +0 pair of boots (worn)
 x - a +2 pair of gloves (worn)
Jewellery
 m - a ring of protection from cold (left hand)
 o - an uncursed ring of teleportation
 C - an amulet of the gourmand (around neck)
Wands
 b - a wand of random effects (10/48)
 e - a wand of paralysis (0/24)
Scrolls
 n - a scroll of fear
 p - 3 scrolls of enchant armour
 q - 2 scrolls of noise
 w - 4 scrolls of remove curse
Potions
 d - 3 potions of brilliance
 g - 2 potions of invisibility
 h - a potion of lignification
 j - 3 potions of curing
 l - 2 potions of cancellation
 r - a potion of haste {unknown}
 u - a potion of cure mutation {unknown}
 z - a potion of mutation {unknown}
 A - a potion of agility {unknown}
 B - a potion of flight {unknown}
 D - 4 potions of heal wounds {unknown}
Books
 t - a Young Poisoner's Handbook

   Spells                             Type                      Level
   a - Sting                          Conjuration/Poison           1
   b - Cure Poison                    Poison                       2
   c - Mephitic Cloud                 Conjuration/Poison/Air       3
   d - Olgreb's Toxic Radiance        Poison                       4
   e - Venom Bolt                     Conjuration/Poison           5
Comestibles
 f - 5 bread rations
 v - 3 meat rations


   Skills:
 - Level 3.0 Fighting
 + Level 13.8 Long Blades
 - Level 2.6 Armour
 - Level 3.4 Dodging
 - Level 2.6 Shields
 * Level 1.0 Invocations


You had 8 spell levels left.
You didn't know any spells.

Dungeon Overview and Level Annotations

Branches:
Dungeon (7/15)             Temple (0/1) D:4

Altars:
Dithmenos
Nemelex Xobeh
Pakellas
Ru
Trog
Uskayaw
Xom
Yredelemnul
The Shining One
Lugonu

Annotations:
D:6 exclusion: 2 doors


Innate Abilities, Weirdness & Mutations

You are partially covered in rugged brown scales. (AC +1, +3% HP)
Your mind is acute. (Int +2)
Your magical capacity is low. (-10% MP)
You are resistant to electric shocks. (rElec)
Your muscles are strong. (Str +2)


Message History

You block something's attack. The orc closely misses you.
Evoke which item? (* to show all) (? for menu, Esc to quit)
Zapping:
b - a wand of random effects {zapped: 15} (will waste charges)
Press: ? - help, Shift-Dir - straight line Nothing appears to happen.
Evoking this partially-identified wand wasted a few charges.
Something hits you! You block the orc's attack.
You hit something but do no damage.
As you read the scroll of fear, it crumbles to dust.
You assume a fearsome visage.
The orc looks frightened! x2
A shadow imp comes into view.
You hear a shout!
Something hits you.
There is a stone staircase leading down here.
Something hits you.
You climb downwards.
There is a stone staircase leading up here.
Something hits you!
* * * LOW HITPOINT WARNING * * *
x2 Are you sure you want to abandon this character and quit the game? (Confirm with "yes".)

.≈ # .≈≈ #. ##
..≈≈
#..##.######.P≈≈
.............P≈
####............
................
#.<@....#
#########


There were no monsters in sight!

Vanquished Creatures
  Pikel (D:4)
  Sigmund (D:4)
  A fire bat (D:5)
  An orc warrior (D:6)
  A sky beast (D:5)
  A slave (D:3)
  An ogre (D:5)
  13 scorpions
  A centaur zombie (Ossuary)
  2 crimson imps (D:5)
  4 human zombies (Ossuary)
  6 orc priests
  An orc wizard (D:6)
  A centaur skeleton (D:4)
  An iguana (D:4)
  A giant frog skeleton (D:6)
  4 worker ants
  A hound skeleton (D:5)
  2 mummies (Ossuary)
  A howler monkey zombie (D:6)
  2 worker ant zombies
  8 adders
  A scorpion zombie (Ossuary)
  A shadow imp (D:6)
  An ooze (D:1)
  5 worms
  A dart slug (D:1)
  4 giant geckos
  18 orcs
  3 ball pythons
  5 bats (D:1)
  11 giant cockroaches
  7 goblins
  6 hobgoblins
  4 jackals (D:4)
  2 quokkas
  3 giant newts
  A goblin zombie (Ossuary)
  A hobgoblin zombie (Ossuary)
  8 kobolds (D:2)
  A kobold zombie (Ossuary)
  An orc zombie (Ossuary)
  9 rats
148 creatures vanquished.

Vanquished Creatures (others)
  A mummy (Ossuary)
  An adder (D:4)
  4 orcs (D:4)
  A gnoll zombie (Ossuary)
  A giant newt (D:5)
  An orc zombie (Ossuary)
9 creatures vanquished.

Grand Total: 157 creatures vanquished

Notes
Turn   | Place    | Note
--------------------------------------------------------------
     0 | D:1      | wvc the High Elf Fighter began the quest for the Orb.
     0 | D:1      | Reached XP level 1. HP: 16/16 MP: 2/2
     1 | D:1      | Noticed an electric eel
   127 | D:1      | Reached skill level 3 in Long Blades
   245 | D:1      | Reached XP level 2. HP: 19/21 MP: 3/3
   272 | D:1      | Reached skill level 1 in Dodging
   896 | D:1      | Reached XP level 3. HP: 26/26 MP: 4/4
  1174 | D:2      | Found a faded altar of an unknown god.
  1215 | D:2      | Became a worshipper of Lugonu the Unformed
  1215 | D:2      | Reached * piety under Lugonu
  1215 | D:2      | Reached ** piety under Lugonu
  1707 | D:2      | Reached XP level 4. HP: 31/31 MP: 5/5
  1828 | D:3      | Reached skill level 4 in Long Blades
  1835 | D:3      | Found a basalt altar of Yredelemnul.
  2122 | D:3      | Reached *** piety under Lugonu
  2783 | D:4      | Reached XP level 5. HP: 36/36 MP: 6/6
  2815 | D:4      | Reached skill level 5 in Long Blades
  2879 | D:4      | Noticed Pikel
  2879 | D:4      | Noticed a slave
  2879 | D:4      | Noticed a slave
  2879 | D:4      | Noticed a slave
  2880 | D:4      | Noticed a slave
  2902 | D:3      | Killed a slave
  3198 | D:4      | Killed Pikel
  3198 | D:4      | Reached skill level 8 in Long Blades
  3198 | D:4      | Reached XP level 6. HP: 15/42 MP: 7/7
  3198 | D:4      | Reached XP level 7. HP: 17/46 MP: 8/8
  3329 | D:4      | Gained mutation: Your muscles are strong. (Str +2) [potion of beneficial mutation]
  3421 | D:4      | Found a staircase to the Ecumenical Temple.
  3569 | D:4      | Found a hide-covered altar of Uskayaw.
  3572 | D:4      | Found a shadowy altar of Dithmenos.
  3573 | D:4      | Found a bloodstained altar of Trog.
  3573 | D:4      | Found an oddly glowing altar of Pakellas.
  3573 | D:4      | Found a sacrificial altar of Ru.
  3573 | D:4      | Found a shimmering altar of Xom.
  3577 | D:4      | Found a sparkling altar of Nemelex Xobeh.
  3691 | D:4      | Found a glowing golden altar of the Shining One.
  3704 | D:4      | Noticed Sigmund
  3760 | D:4      | Killed Sigmund
  3760 | D:4      | Reached skill level 9 in Long Blades
  3847 | D:5      | Entered Level 5 of the Dungeon
  3901 | D:5      | Reached skill level 10 in Long Blades
  3905 | D:5      | Gained mutation: Your magical capacity is low. (-10% MP) [mutagenic meat]
  3909 | D:5      | Gained mutation: You are resistant to electric shocks. (rElec) [mutagenic meat]
  3910 | D:5      | Gained mutation: Your mind is acute. (Int +2) [mutagenic meat]
  3911 | D:5      | Gained mutation: You are partially covered in rugged brown scales. (AC +1, +3% HP) [mutagenic meat]
  3924 | D:5      | Noticed Edmund
  4114 | D:5      | Reached XP level 8. HP: 53/53 MP: 8/8
  4171 | D:5      | Found a sand-covered staircase.
  4183 | Ossuary  | Entered an ossuary
  4210 | Ossuary  | Reached skill level 11 in Long Blades
  4908 | Ossuary  | Reached skill level 12 in Long Blades
  4918 | Ossuary  | Reached **** piety under Lugonu
  5408 | D:5      | Noticed a moth of wrath
  5446 | D:5      | Found a bloodstained altar of Trog.
  5537 | D:5      | Noticed Edmund
  5537 | D:5      | Edmund changed into Edmund the fire bat
  5551 | D:5      | Killed Edmund the fire bat
  5551 | D:5      | Reached skill level 13 in Long Blades
  5551 | D:5      | Reached XP level 9. HP: 41/57 MP: 9/9
  5961 | D:6      | Noticed a seven-headed hydra
  6405 | D:6      | Reached ***** piety under Lugonu
  6405 | D:6      | Reached skill level 1 in Invocations
  6498 | D:7      | Quit the game

Vault maps used:
D:1:      arrival_aquarium_a, minmay_misc_feat_iff
D:2:      ecumenical_altar_1
D:3:      lemuel_round_altar
D:4:      lemuel_round_altar, minitemple, temple_fountains, first_bread,
          uniq_pikel, uniq_sigmund
D:5:      gup_ossuary_entry_pyramid, tgw_trog, uniq_edmund
D:6:      kennysheep_big_flooded_room, nicolae_lava_and_water, grunt_decor_cap,
          lightli_orcish_oven
D:7:      basic_altar, grunt_livestock, serial_bayou_pond_b
Ossuary:  ossuary_minmay_scorpions

Skill      XL: |  1  2  3  4  5  6  7  8  9 |
---------------+----------------------------+-----
Long Blades    | 3 4 8 10 13 | 13.8
Dodging        | 1 2 3 |  3.4
Invocations    | 1 |  1.0
Fighting       | |  3.0
Armour         | |  2.6
Shields        | |  2.6

Action                   |  1- 3 |  4- 6 |  7- 9 || total
-------------------------+-------+-------+-------++-------
Melee: Long sword        |   138 |   136 |   359 ||   633
Evoke: Wand              |       |     5 |     7 ||    12
  Use: Scroll            |     1 |    10 |     8 ||    19
       Potion            |       |     3 |     1 ||     4
 Stab: Paralysed         |       |    17 |     6 ||    23
  Eat: Chunk             |     2 |       |     6 ||     8
       Meat ration       |       |     1 |     1 ||     2
       Beef jerky        |       |       |     3 ||     3
Armor: Leather armour    |    18 |       |       ||    18
       Scale mail        |     1 |       |       ||     1
       Ring mail         |    21 |    41 |   112 ||   174
Dodge: Dodged            |    56 |    34 |   107 ||   197
Block: Shield            |    69 |    63 |   104 ||   236
